cohdb
Replays
Latest Replays
All Replays
Popular Replays
Top Player Replays
Match Explorer
How It Works
Community
CoH3 Stats
Reddit
Sign in to upload your games and track your stats! →
Sign in with Steam
Match 41053305
Unlisted
Match 41053305
Overview
Messages
Build Orders
End
Selects Special Operations Battlegroup
Selects M29 Weasel Recon Vehicle
M29 Weasel Recon Vehicle
Construct Barracks
Riflemen Squad
Riflemen Squad
Grenade Package
Riflemen Squad
Riflemen Squad
Riflemen Squad
Infantry Support Center
Construct Weapon Support Center
M3 Armored Personnel Carrier
Selects Raiding Flares
Selects SSF Commando Squad
M1918 Browning Automatic Rifles
SSF Commando Squad
M3 Armored Personnel Carrier
Engineer Squad
SSF Commando Squad
Selects P-47 Anti-Infantry Loiter
Selects UNKNOWN (2162291)
Construct Tank Depot
Selects Assault Operation
yapster
HIMYNAMEISHO
waynoss88
^1Soldat^0James
Earthdog
Cpt. Colter Stevens
0
0
Comments
sign in to comment!
No comments posted yet!